 Dungeon Crawl Stone Soup version 0.29.1-15-g9cfb28693d (webtiles) character file.

Game seed: 4226276533788447567

950 Arctor the Digger (level 8, -1/46 HPs)
             Began as a Gargoyle Earth Elementalist on Feb 24, 2023.
             Shot with an arrow by a centaur (14 damage)
             ... on level 4 of the Dungeon.
             The game lasted 00:05:14 (4423 turns).

Arctor the Digger (Gargoyle Earth Elementalist)     Turns: 4423, Time: 00:05:14

Health: -1/46      AC: 10    Str: 11    XL:     8   Next: 13%
Magic:  14/14      EV: 12    Int: 19    God:
Gold:   253        SH:  0    Dex: 10    Spells: 11/15 levels left

rFire   + . .      SeeInvis .   s - +4 scythe (venom)
rCold   + . .      Faith    .   (shield currently unavailable)
rNeg    + . .      Spirit   .   a - +0 robe
rPois   ∞          Reflect  .   p - +0 helmet
rElec   +          Harm     .   q - +0 cloak
rCorr   .          Rampage  .   (no gloves)
Will    .....                   o - +0 pair of boots
Stlth   +++.......              (no amulet)
HPRegen 0.15/turn               i - ring of protection from cold
MPRegen 0.14/turn               m - ring of protection from fire

@: no status effects
A: sickness immunity, AC +5, negative energy resistance 1, electricity
resistance, torment resistance 1, petrification resistance
a: no special abilities


You were on level 4 of the Dungeon.
You visited 1 branch of the dungeon, and saw 4 of its levels.

You collected 253 gold pieces.

Inventory:

Hand Weapons
 d - a +2 dagger of speed
 n - a +2 dagger of pain
 s - a +4 scythe of venom (weapon)
Missiles
 h - 3 throwing nets
Armour
 a - a +0 robe (worn)
 o - a +0 pair of boots (worn)
 p - a +0 helmet (worn)
 q - a +0 cloak (worn)
Jewellery
 i - a ring of protection from cold (left hand)
 m - a ring of protection from fire (right hand)
Scrolls
 c - 2 scrolls of vulnerability
 f - a scroll of teleportation
 k - 4 scrolls of poison
 r - 2 scrolls of acquirement {unknown}
Potions
 b - a potion of magic
 e - a potion of degeneration {unknown}
 j - a potion of haste {unknown}
 l - a potion of heal wounds {unknown}
 t - a potion of lignification {unknown}
 u - a potion of experience {unknown}


   Skills:
 + Level 3.4 Fighting
 + Level 1.5 Polearms
 + Level 3.5 Dodging
 + Level 5.1 Stealth
 + Level 4.0 Spellcasting
 - Level 1.6 Transmutations
 + Level 5.9 Earth Magic


You had 11 spell levels left.
You knew the following spells:

 Your Spells              Type           Power      Damage    Failure   Level
a - Sandblast             Erth           52%        2d12      1%          1
b - Stone Arrow           Conj/Erth      30%        3d8       12%         3

Your spell library contained the following spells:

 Spells                   Type           Power      Damage    Failure   Level
 Passwall                 Tmut/Erth      15%        N/A       4%          2
 Sting                    Tmut/Pois      24%        1d4       10%         1
 Blink                    Tloc           6%         N/A       21%         2
 Poisonous Vapours        Pois/Air       6%         N/A       21%         2
 Petrify                  Tmut/Erth      18%        N/A       28%         4
 Gell's Gravitas          Tloc           3%         N/A       38%         3
 Lesser Beckoning         Tloc           3%         N/A       38%         3
 Teleport Other           Tloc           3%         N/A       38%         3
 Olgreb's Toxic Radiance  Pois           3%         N/A       80%         4
 Manifold Assault         Tloc           3%         N/A       98%         5
 Dispersal                Tloc           1%         N/A       100%        6


Dungeon Overview and Level Annotations

Branches:
Dungeon (4/15)
 Temple: D:4-7

Altars:
Ashenzari
Hepliaklqana
The Shining One

Shops:
D:3 (


Innate Abilities, Weirdness & Mutations

You are immune to sickness and miasma.
Your stone body is resilient. (AC +5)
You are immune to poison.
You resist negative energy. (rN+)
You are resistant to electric shocks. (rElec)
You are resistant to unholy torment.
You are immune to petrification.


Message History

You closely miss the adder. The adder misses you.
An adder is nearby!
You slash the adder!
The adder is poisoned.
The adder is almost dead.
You kill the adder!
e - an amethyst potion No target in view!
No target in view!
An adder comes into view.
The adder hisses angrily.
An adder is nearby!
You slash the adder!
You kill the adder!
Found a stone staircase leading up.
No target in view!
A centaur comes into view. It is wielding a +0 hand axe.
The centaur moves out of view.
No target in view!
No target in view!
Found a sling.
No target in view!
There is a stone staircase leading up here.
There is a stone staircase leading up here.
The centaur shouts!
The centaur unwields a +0 hand axe.
The centaur wields a +4 shortbow.
The centaur shoots an arrow.
The arrow hits you!
The centaur shoots an arrow.
The arrow hits you.
The centaur shoots an arrow.
The arrow hits you!
A centaur is nearby!
The centaur shoots an arrow.
The arrow hits you!
* * * LOW HITPOINT WARNING * * *
The centaur shoots an arrow.
The arrow hits you but does no damage.
A centaur is nearby!
You are too injured to fight recklessly!
You are too injured to fight recklessly!
A centaur is nearby!
You are too injured to fight recklessly!
A centaur is nearby!
The centaur shoots an arrow.
The arrow hits you!
You die...

..# #.......#
..#
######)......#
..#
#....#.......#
..##
#....#c......#
...#
#....#.......#
##.#
#....#.......#
#.#
#....#.......#
##.).#
#..<.#.......#
.###.#
#.##.@.......#
..# .#
#.###.###.####
#..... #.#
#..##.#
......# #.#
##....##
####.). #.#
###...## .#
#.... ##.#
#.#..# ..##..
..#.# ...##.#
......# #.#.#
#..#.##.#
...)... ....#
#.#..##.#


You could see a centaur.

Vanquished Creatures
  Grinder (D:3)
  Sigmund (D:3)
  2 black bears (D:4)
  A necrophage (D:4)
  A scorpion (D:4)
  A hound (D:4)
  2 orc wizards (D:4)
  3 gnolls (D:3)
  9 adders
  A worm (D:3)
  6 dart slugs
  8 orcs
  6 ball pythons
  5 bats
  4 endoplasms
  5 goblins
  6 hobgoblins
  A jackal (D:2)
  8 kobolds
  4 quokkas
  5 frilled lizards
  5 rats
85 creatures vanquished.

Notes
Turn   | Place    | Note
-------+----------+-------------------------------------------
     0 | D:1      | Arctor the Gargoyle Earth Elementalist began the quest for
                  | the Orb.
     0 | D:1      | Reached XP level 1. HP: 10/10 MP: 3/3
   284 | D:1      | Reached skill level 1 in Transmutations
   284 | D:1      | Reached XP level 2. HP: 15/15 MP: 5/5
  1024 | D:2      | Reached XP level 3. HP: 19/19 MP: 6/6
  1366 | D:2      | Reached XP level 4. HP: 16/24 MP: 7/7
  2369 | D:2      | Learned a level 3 spell: Stone Arrow
  2373 | D:3      | Reached XP level 5. HP: 22/28 MP: 5/9
  2548 | D:3      | Found Vyeh Uzy's Antique Weapon Boutique.
  2898 | D:3      | Noticed Grinder
  2905 | D:3      | Paralysed by Grinder for 3 turns
  2908 | D:3      | Killed Grinder
  2909 | D:3      | Reached skill level 1 in Fighting
  2909 | D:3      | Reached skill level 5 in Earth Magic
  2909 | D:3      | Reached XP level 6. HP: 35/35 MP: 5/10
  2969 | D:3      | Identified the +3 ring mail "Xuule" {rN+}
  3047 | D:3      | Found a broken altar of Ashenzari.
  3157 | D:3      | Noticed Sigmund
  3165 | D:3      | Killed Sigmund
  3166 | D:3      | Reached XP level 7. HP: 12/40 MP: 1/12
  3442 | D:3      | Found a glowing golden altar of the Shining One.
  3559 | D:3      | Found a faded altar of an unknown god.
  3559 | D:3      | Found a hazy altar of Hepliaklqana.
  3561 | D:3      | Found a faded altar of an unknown god.
  3561 | D:3      | Found a faded altar of an unknown god.
  3670 | D:4      | Reached skill level 1 in Polearms
  3932 | D:4      | Reached skill level 5 in Stealth
  3932 | D:4      | Reached XP level 8. HP: 20/46 MP: 0/13
  4423 | D:4      | Shot with an arrow by a centaur

Illustrated notes

Levels and vault maps discovered:
D:1:      psy_arrival_terrarium, layout_basic
D:2:      layout_loops_ring, hex_large, kennysheep_cluttered_room,
          hangedman_decor_points, reono_crystal_passage, minmay_pentomino_x4
D:3:      layout_loops_ring, lemuel_coloured_pillars_altar,
          nicolae_hepliaklqana_ecumenical_no_more, general_overflow_altar,
          serial_shops, shop_fountains, uniq_grinder, uniq_sigmund
D:4:      layout_rooms, cheibrodos_sewer_entry_bend, minmay_vboxes

Skill      XL: |  1  2  3  4  5  6  7  8 |
---------------+-------------------------+-----
Transmutations | 1 |  1.6
Earth Magic    | 4 5 |  5.9
Dodging        | 2 3 |  3.5
Stealth        | 3 4 5 |  5.1
Fighting       | 1 2 3 |  3.4
Spellcasting   | 3 4 |  4.0
Polearms       | 1 |  1.5

Action                   |  1- 3 |  4- 6 |  7- 9 || total
-------------------------+-------+-------+-------++-------
Melee: Unarmed           |    11 |       |       ||    11
       Dagger            |    92 |    73 |       ||   165
       Halberd           |       |       |    58 ||    58
 Cast: Sandblast         |     3 |    18 |     7 ||    28
       Stone Arrow       |       |     3 |     5 ||     8
  Use: Potion            |       |       |     2 ||     2
       Scroll            |       |       |     3 ||     3
 Stab: Sleeping          |     4 |     6 |     4 ||    14
Armor: Robe              |    28 |    25 |    49 ||   102
Dodge: Dodged            |    59 |    44 |    59 ||   162
